 Dungeon Crawl Stone Soup version 0.22-a0-149-g870e420 (webtiles) character file.

2 Amnesiac the Magician (level 1, -2/13 HPs)
             Began as a Mummy Earth Elementalist on Feb 7, 2018.
             Slain by a kobold (3 damage)
             ... on level 1 of the Dungeon.
             The game lasted 00:00:25 (52 turns).

Amnesiac the Magician (Mummy Earth Elementalist)      Turns: 52, Time: 00:00:26

Health: -2/13      AC:  2    Str: 11    XL:     1   Next: 33%
Magic:  0/4        EV: 12    Int: 14    God:
Gold:   0          SH:  0    Dex: 12    Spells: 4/5 levels left

rFire    x . .     SeeInvis .   a - +0 hunting sling
rCold    + . .     Gourm    .   (no shield)
rNeg     + + +     Faith    .   c - +0 robe
rPois    ∞         Spirit   .   (no helmet)
rElec    .         Reflect  .   (no cloak)
rCorr    .         Harm     .   (no gloves)
MR       .....                  (no boots)
Stlth    ++........             (no amulet)
HPRegen  0.04/turn              (no ring)
MPRegen  0.09/turn              (no ring)

@: no status effects
A: no food or potions, fire vulnerability, cold resistance 1, negative energy
resistance 3, torment resistance, unbreathing
a: no special abilities


You were on level 1 of the Dungeon.
You were not hungry.

You visited 1 branch of the dungeon, and saw 1 of its levels.

Inventory:

Hand Weapons
 a - a +0 hunting sling (weapon)
Missiles
 b - 38 stones (quivered)
Armour
 c - a +0 robe (worn)
Books
 d - a book of Geomancy

   Spells                             Type                      Level
   a - Sandblast                      Earth                        1
   b - Passwall                       Transmutation/Earth          2
   c - Stone Arrow                    Conjuration/Earth            3
   d - Petrify                        Transmutation/Earth          4
   e - Lee's Rapid Deconstruction     Earth                        5


   Skills:
 - Level 1.5 Dodging
 - Level 1.5 Stealth
 + Level 2.6 Spellcasting
   Level 0.7 Transmutations
 * Level 2.6 Earth Magic


You had 4 spell levels left.
You knew the following spells:

 Your Spells              Type           Power        Failure   Level  Hunger
a - Sandblast             Erth           #.....       8%          1    N/A

Dungeon Overview and Level Annotations

Branches:
Dungeon (1/15)

Altars:


Innate Abilities, Weirdness & Mutations

You do not eat or drink.
Your flesh is vulnerable to fire.
You are immune to poison.
Your flesh is cold resistant. (rC+)
You are immune to negative energy. (rN+++)
You are immune to unholy pain and torment.
You can survive without breathing.


Message History

Confirm with . or Enter, or press ? or * to list all spells.
You don't have enough magic to cast that spell.
The kobold barely misses you.
You see here a hunting sling.
a - a hunting sling The kobold hits you but does no damage.
Wield which item (- for none, * to show all)? (? for menu, Esc to quit)
a - a +0 hunting sling (weapon)
Firing (i - inventory)
b - 45 stones (quivered)
Press: ? - help, Shift-Dir - straight line, f/p - kobold
Aim: a kobold You shoot a stone.
The stone closely misses the kobold. x2
A gnoll comes into view. It is wielding a whip.
The gnoll shouts!
The kobold closely misses you.
Firing (i - inventory)
b - 44 stones (quivered)
Press: ? - help, Shift-Dir - straight line, f/p - kobold
Aim: a kobold You shoot a stone.
The stone barely misses the kobold.
The stone hits the kobold.
You kill the kobold!
Training target 2.6 for Earth Magic reached!
You need to enable at least one skill for training.
The kobold hits you.
Adjust (i)tems, (s)pells, or (a)bilities?
Okay, then.
Unknown command.
Casting: Sandblast (safe; 8% risk of failure)
Confirm with . or Enter, or press ? or * to list all spells.
Aiming: Sandblast (safe; 8% risk of failure)
Press: ? - help, Shift-Dir - straight line, f - gnoll, p - kobold
Aim: a gnoll, wielding a whip The blast of sand hits the gnoll.
The gnoll is moderately wounded.
b - 42 stones The gnoll misses you.
The kobold misses you.
Firing (i - inventory)
b - 42 stones (quivered)
Press: ? - help, Shift-Dir - straight line, f/p - gnoll
Aim: a gnoll, wielding a whip (moderately wounded)
You shoot a stone. The stone hits the gnoll!
The gnoll is severely wounded.
The gnoll closely misses you. The kobold closely misses you.
The gnoll barely misses you.
Firing (i - inventory)
b - 41 stones (quivered)
Press: ? - help, Shift-Dir - straight line, f/p - gnoll
Aim: a gnoll, wielding a whip (severely wounded)
You shoot a stone. The stone barely misses the gnoll.
The kobold closely misses you. The gnoll closely misses you.
Firing (i - inventory)
b - 40 stones (quivered)
Press: ? - help, Shift-Dir - straight line, f/p - gnoll
Aim: a gnoll, wielding a whip (severely wounded)
You shoot a stone. The stone hits the gnoll.
The gnoll is almost dead.
The kobold closely misses you. The gnoll hits you with a whip!
Ouch! That really hurt!
* * * LOW HITPOINT WARNING * * *
Firing (i - inventory)
b - 39 stones (quivered)
Press: ? - help, Shift-Dir - straight line, f/p - gnoll
Aim: a gnoll, wielding a whip (almost dead)
You shoot a stone.
The stone hits the gnoll but does no damage.
The gnoll is almost dead.
The kobold hits you.
You die...

#######....# #...#
#.........!# #.>.#
#.####.....###...##
#.............
#.............
#.######.............
#............###...##
#.#########....#
#...#
#(...g@K.(.....#
#...#
##########..####
##### #....# #)#.##
...#... .........>#
♣≈P........[..
.P##.###...#### # #.
#....


You could see a gnoll and a kobold.

Vanquished Creatures
  A goblin (D:1)
  A kobold (D:1)
2 creatures vanquished.

Notes
Turn   | Place    | Note
-------+----------+-------------------------------------------
     0 | D:1      | Amnesiac the Mummy Earth Elementalist began the quest for the Orb.
     0 | D:1      | Reached XP level 1. HP: 13/13 MP: 4/4
    52 | D:1      | Slain by a kobold

Vault maps used:
D:1:      minmay_arrival_hallway, minmay_fountain_box,
          minmay_misc_feat_enclosed, serial_bayou_pond_d, roderic_roman_lattice

Action                   || total
-------------------------++-------
 Fire: Hunting sling     ||     6
 Cast: Sandblast         ||     5
Armor: Robe              ||     1
Dodge: Dodged            ||    11

Table legend:
 A = Spawn XP
 B = Non-spawn XP
 C = Spawn XP percentage of total XP
 D = Spawn monster count
 E = Non-spawn monster count
 F = Spawn count percentage of total count
 G = Total turns spent on level
                    A         B        C        D         E        F      G
               +---------+---------+-------+---------+---------+-------+---------
         Total |       0 |       4 |   0.0 |       0 |       2 |   0.0 |    52
               +---------+---------+-------+---------+---------+-------+---------
           D:1 |       0 |       4 |   0.0 |       0 |       2 |   0.0 |    52
               +---------+---------+-------+---------+---------+-------+---------
